 Dungeon Crawl Stone Soup version 0.28-a0-850-g09de17f5b5 (webtiles) character file.

Game seed: 15872066360326461136

713 mcbry74 the Cleaver (level 7, -1/57 HPs)
             Began as a Hill Orc Fighter on Nov 13, 2021.
             Slain by an ogre (29 damage)
             ... on level 5 of the Dungeon.
             The game lasted 00:10:50 (1848 turns).

mcbry74 the Cleaver (Hill Orc Fighter)              Turns: 1848, Time: 00:10:51

Health: -1/57      AC:  7    Str: 21    XL:     7   Next: 69%
Magic:  7/7        EV:  9    Int:  8    God:
Gold:   171        SH:  4    Dex: 10    Spells: 6/6 levels left

rFire   . . .      SeeInvis .   n - +2 war axe (vorpal)
rCold   . . .      Faith    .   c - +0 buckler
rNeg    . . .      Spirit   .   b - +0 scale mail
rPois   +          Reflect  .   (no helmet)
rElec   .          Harm     .   (no cloak)
rCorr   .          Rampage  .   (no gloves)
Will    .....                   (no boots)
Stlth   ..........              (no amulet)
HPRegen 0.19/turn               i - ring of poison resistance
MPRegen 0.10/turn               (no ring)

@: no status effects
A: no striking features
a: no special abilities


You were on level 5 of the Dungeon.
You visited 1 branch of the dungeon, and saw 5 of its levels.

You collected 171 gold pieces.

Inventory:

Hand Weapons
 a - a +0 war axe
 n - a +2 vorpal war axe (weapon)
Armour
 b - a +0 scale mail (worn)
 c - a +0 buckler (worn)
 e - a +0 pair of boots
 k - a +0 tower shield
Jewellery
 i - a ring of poison resistance (left hand)
Scrolls
 g - 2 scrolls of identify {unknown}
 j - a scroll of immolation {unknown}
 p - a scroll of teleportation {unknown}
Potions
 f - a potion of flight {unknown}
 h - a potion of attraction {unknown}
 l - a potion of degeneration {unknown}
 m - 2 potions of haste {unknown}
 o - a potion of mutation {unknown}


   Skills:
 - Level 3.6 Fighting
 + Level 8.0 Axes
 + Level 7.1 Armour
 - Level 3.2 Shields


You had 6 spell levels left.
You didn't know any spells.
Your spell library was empty.

Dungeon Overview and Level Annotations

Branches:
Dungeon (5/15)
 Temple: D:4-7

Altars:
Ru


Message History

The hound is almost dead.
The hound bites you but does no damage. The hound closely misses you.
You closely miss the hound.
The hound is almost dead.
The hound barely misses you. The hound bites you.
You hit the hound.
You kill the hound!
Your Armour skill increases to level 7!
You slash the bullfrog zombie!
The bullfrog zombie is heavily damaged.
You block the bullfrog zombie's attack.
You slash the bullfrog zombie!
The bullfrog zombie is almost destroyed.
The bullfrog zombie closely misses you.
You hit the kobold brigand.
The kobold brigand is lightly wounded.
The kobold brigand hits you with a +0 dagger.
You slash the kobold brigand!
The kobold brigand is severely wounded.
The kobold brigand barely misses you.
You closely miss the kobold brigand.
The kobold brigand is severely wounded.
The kobold brigand hits you with a +0 dagger.
You hit the kobold brigand but do no damage.
The kobold brigand is severely wounded.
The kobold brigand hits you with a +0 dagger!
You completely miss the kobold brigand.
The kobold brigand is severely wounded.
The kobold brigand misses you.
You hit the kobold brigand but do no damage.
The kobold brigand is severely wounded.
You block the kobold brigand's attack.
You slash the kobold brigand!
You kill the kobold brigand!
Your Axes skill increases to level 8!
You hit the ogre.
The ogre is moderately wounded.
The ogre hits you with a +0 giant club!!
Ouch! That really hurt!
You die...

# #.# # . #....##.#.# ..
..#. .#..##.#.# ####.#
..# .....#.#.# #..... ...
...#...#.# #.##.#
##.##........# #.##.#
##.#..†#.###....# #.##.#
[....(ZO..$#.#..####.##.#
##.#...#@###.............
##.##.....##.####.....
.........#.....# ###...
...#.#....†##### #...
#.#.# #.#..... #... . .
#...#.#.# #... #
....##..... #... #...
#...## #... ..... .....
....


You could see an ogre and a bullfrog zombie.

Vanquished Creatures
  A sky beast (D:5)
  A black bear (D:5)
  2 ogres
  A centaur (D:5)
  A kobold brigand (D:5)
  2 jellies
  2 hounds
  3 adders (D:2)
  2 worms
  2 dart slugs
  6 orcs
  8 ball pythons
  3 endoplasms (D:1)
  4 giant cockroaches
  8 goblins
  3 hobgoblins
  2 quokkas (D:2)
  2 bats
  4 frilled lizards
  10 kobolds
  3 rats
70 creatures vanquished.

Notes
Turn   | Place    | Note
-------+----------+-------------------------------------------
     0 | D:1      | mcbry74 the Hill Orc Fighter began the quest for the Orb.
     0 | D:1      | Reached XP level 1. HP: 19/19 MP: 1/1
   190 | D:1      | Reached skill level 3 in Axes
   252 | D:1      | Reached XP level 2. HP: 26/26 MP: 2/2
   408 | D:2      | Reached XP level 3. HP: 28/31 MP: 3/3
   411 | D:2      | Reached skill level 4 in Axes
   524 | D:2      | Found a sacrificial altar of Ru.
   650 | D:2      | Reached XP level 4. HP: 34/39 MP: 4/4
  1349 | D:4      | Noticed an ogre
  1365 | D:3      | Killed an ogre
  1366 | D:3      | Reached skill level 5 in Axes
  1366 | D:3      | Reached skill level 5 in Armour
  1366 | D:3      | Reached XP level 5. HP: 27/45 MP: 5/5
  1412 | D:4      | Noticed an ogre
  1421 | D:3      | Reached skill level 6 in Axes
  1421 | D:3      | Reached XP level 6. HP: 18/51 MP: 6/6
  1644 | D:5      | Entered Level 5 of the Dungeon
  1796 | D:5      | Reached skill level 7 in Axes
  1796 | D:5      | Reached XP level 7. HP: 53/57 MP: 7/7
  1848 | D:5      | Reached skill level 8 in Axes
  1848 | D:5      | Slain by an ogre

Illustrated notes

Levels and vault maps discovered:
D:1:      sevenhm_arrival_forest_fort_large_4, layout_basic
D:2:      layout_basic, basic_altar, minmay_misc_feat_secret_circle,
          minmay_tall_x
D:3:      layout_loops_corners, minivault_24
D:4:      layout_cave_pools, minmay_temple_entry_overgrown
D:5:      layout_loops_cross, nicolae_overflow_hidden_temple,
          minmay_fractal_squares_5

Skill      XL: |  1  2  3  4  5  6  7 |
---------------+----------------------+-----
Axes           | 3 4 5 6 7 8 |  8.0
Armour         | 4 5 6 7 |  7.1
Fighting       | |  3.6
Shields        | |  3.2

Action                   |  1- 3 |  4- 6 |  7- 9 || total
-------------------------+-------+-------+-------++-------
Melee: War axe           |    77 |    90 |    27 ||   194
  Use: Potion            |       |     1 |       ||     1
 Stab: Distracted        |       |     1 |       ||     1
Armor: Scale mail        |    35 |    40 |     9 ||    84
Dodge: Dodged            |    35 |    41 |    13 ||    89
Block: Buckler           |    15 |    25 |     6 ||    46

Table legend: (Time is in decaauts)
 A = Elapsed time spent in this place.
 B = Non-inter-level travel time spent in this place.
 C = Inter-level travel time spent in this place.
 D = Time resting spent in this place.
 E = Time spent auto-exploring this place.
 F = Levels seen in this place.
 G = Mean time per level.
                   A        B        C        D        E       F      G
               +--------+--------+--------+--------+--------+-----+--------+
         Total |   1902 |   1902 |      0 |    486 |    856 |   5 |  380.4 |
       Dungeon |   1902 |   1902 |      0 |    486 |    856 |   5 |  380.4 |
               +--------+--------+--------+--------+--------+-----+--------+

Top non-repeatable levels by time:
     D:3: 622 daAuts
     D:2: 536 daAuts
     D:1: 393 daAuts
     D:5: 208 daAuts
     D:4: 140 daAuts
